 Dungeon Crawl Stone Soup version 0.27.1-35-g4d5d836560 (console) character file.

Game seed: 4187980217884349159

70115 grimtooth the Placeless Palentonga (level 14, 0/115 HPs)
             Began as a Palentonga Abyssal Knight on June 8, 2022.
             Was the Champion of Lugonu.
             Killed by divine providence
             ... invoked by a meliai
              (13 damage)
             ... on level 11 of the Dungeon on June 9, 2022.
             The game lasted 03:02:09 (24908 turns).

grimtooth the Placeless Palentonga (PaAK)          Turns: 24908, Time: 03:02:10

Health: 0/115      AC: 45    Str: 19    XL:     14   Next: 92%
Magic:  30/30      EV:  9    Int: 18    God:    Lugonu [******]
Gold:   238        SH:  6    Dex: 16    Spells: 1/13 levels left

rFire    . . .     SeeInvis +   a - +2 morningstar (protect)
rCold    . . .     Faith    .   C - +0 buckler
rNeg     . . .     Spirit   .   T - +4 ring mail of Dust Devil {MP+9 Str+2 Int+2}
rPois    .         Reflect  .   D - +2 helmet
rElec    .         Harm     .   s - +2 cloak
rCorr    .         Rampage  .   J - +2 pair of gloves
Will     +....                  l - +0 barding
Stlth    +.........             H - amulet of regeneration
HPRegen  1.29/turn              W - +4 ring of protection
MPRegen  0.22/turn              A - +6 ring of dexterity

@: under a protective aura, curled up
A: large, rugged brown scales 3, see invisible, deformed body, roll 1, armoured
tail, reflexive curl
a: Rolling Charge, Renounce Religion, Depart the Abyss, Bend Space, Banish,
Corrupt, Enter the Abyss, Brand Weapon With Distortion


You were on level 11 of the Dungeon.
You worshipped Lugonu.
Lugonu was exalted by your worship.
You visited 3 branches of the dungeon, and saw 19 of its levels.
You visited the Abyss 1 time.
You also visited: Volcano.

You collected 1916 gold pieces.
You spent 1678 gold pieces at shops.

Inventory:

Hand Weapons
 a - a +2 morningstar of protection (weapon)
 b - a +1 morningstar of holy wrath
 g - a +2 long sword of electrocution
 r - a +2 demon blade of venom
Missiles
 K - 26 boomerangs (quivered)
 X - 3 curare-tipped darts
Armour
 l - a +0 barding (worn)
 s - a +2 cloak (worn)
 C - a +0 buckler (worn)
 D - a +2 helmet (worn)
 J - a +2 pair of gloves (worn)
 P - a scarf of invisibility
 T - the +4 ring mail of Dust Devil (worn) {MP+9 Str+2 Int+2}
   (You bought it in a shop on level 5 of the Dungeon)

   Str:       It affects your strength (+2).
   Int:       It affects your intelligence (+2).
   MP:        It affects your magic capacity (+9).
Jewellery
 h - a ring of poison resistance
 A - a +6 ring of dexterity (right hand)
 H - an amulet of regeneration (around neck)
 L - a ring of protection from cold
 W - a +4 ring of protection (left hand)
Wands
 c - a wand of flame (8)
 f - a wand of acid (16)
 y - a wand of mindburst (3)
 R - a wand of polymorph (18)
Scrolls
 d - 2 scrolls of silence {unknown}
 e - 2 scrolls of summoning {unknown}
 k - 2 scrolls of fog
 t - 2 scrolls of enchant armour {unknown}
 u - 4 scrolls of teleportation
 v - 2 scrolls of enchant weapon {unknown}
 w - 2 scrolls of vulnerability {unknown}
 x - 3 scrolls of amnesia {unknown}
 B - a scroll of magic mapping {unknown}
 G - 2 scrolls of blinking
 O - 4 scrolls of fear {unknown}
 U - a scroll of brand weapon {unknown}
Potions
 i - 2 potions of lignification
 n - a potion of magic {unknown}
 o - a potion of berserk rage
 p - 3 potions of haste
 q - 2 potions of might
 z - a potion of invisibility {unknown}
 E - a potion of ambrosia
 F - a potion of cancellation
 Y - 2 potions of resistance {unknown}
 Z - a potion of curing
Miscellaneous
 N - a phantom mirror
 S - a condenser vane


   Skills:
 - Level 9.0 Fighting
 - Level 10.0 Maces & Flails
 - Level 9.0 Armour
 - Level 6.0 Dodging
 - Level 6.0 Shields
 - Level 9.0 Conjurations
 + Level 11.0 Translocations
 - Level 10.0 Invocations
 + Level 7.9 Evocations


You had one spell level left.
You knew the following spells:

 Your Spells              Type           Power      Damage    Failure   Level
a - Manifold Assault      Tloc           39%        N/A       11%         5
b - Iskenderun's Mystic   Conj/Tloc      36%        2d9       5%          4
k - Blink                 Tloc           N/A        N/A       1%          2
p - Apportation           Tloc           78%        N/A       1%          1

Your spell library contained the following spells:

 Spells                   Type           Power      Damage    Failure   Level
 Dazzling Flash           Conj/Hex       32%        N/A       16%         3
 Ensorcelled Hibernation  Hex/Ice        0%         N/A       45%         2
 Dispersal                Tloc           19%        N/A       50%         6
 Summon Forest            Summ/Tloc      9%         N/A       69%         5
 Spider Form              Tmut/Pois      0%         N/A       71%         3
 Alistair's Intoxication  Tmut/Pois      0%         N/A       100%        5
 Eringya's Noxious Bog    Tmut/Pois      0%         N/A       100%        6
 Invisibility             Hex            0%         N/A       100%        6
 Shadow Creatures         Summ           N/A        N/A       100%        6
 Starburst                Conj/Fire      8%         6d4       100%        6
 Storm Form               Tmut/Air       0%         N/A       100%        7
 Summon Hydra             Summ           0%         N/A       100%        7
 Borgnjor's Revivificati  Necr           0%         N/A       100%        8
 Disjunction              Tloc           19%        N/A       100%        8
 Necromutation            Tmut/Necr      0%         N/A       100%        8
 Death's Door             Necr           0%         N/A       100%        9


Dungeon Overview and Level Annotations

Branches:
Dungeon (11/15)            Temple (0/1) D:4            Lair (6/6) D:9
  Swamp (0/4) Lair:3        Snake (0/4) Lair:2        Slime (0/5) Lair:5
    Orc (2/2) D:9             Elf (0/3) Orc:2       Volcano (visited)

Altars:
Cheibriados
Fedhas
Trog
Jiyva

Shops:
D:3 (((*   D:5 [   D:10 *   Orc:1 [   Orc:2 (=[*

Annotations:
D:5 devils
Lair:4 1 runed translucent door, Usutiuwk's ghost, journeyman OpFi
Lair:5 1 runed translucent door


Innate Abilities, Weirdness & Mutations

You are completely covered in rugged brown scales. (AC +3, +7% HP)
You have supernaturally acute eyesight. (SInv)
Armour fits poorly on your strangely shaped body.
You can roll at nearby foes to attack.
You have a long armoured tail.
You curl defensively after being hit.


Message History

You tail-slap the meliai!
The meliai is almost dead.
The meliai calls down the wrath of its god upon you.
Something smites you!
* * * LOW HITPOINT WARNING * * *
The meliai mumbles some strange prayers to its god against you.
Something smites you!
* * * LOW HITPOINT WARNING * * *
The meliai calls upon its god to heal the meliai.
The meliai is healed somewhat.
The meliai hits you with a +0 broad axe!
* * * LOW HITPOINT WARNING * * *
You block the meliai's attack.
Press: ? - help, v - describe, . - travel, g - get item
Here: a meliai, wielding a +0 broad axe and wearing a +0 robe (heavily wounded)
Items here: a +0 hand axe; a +0 leather armour; a meliai corpse.
The floor.
Enter note: - holy shit
Press: ? - help, v - describe, . - travel
Here: a meliai, wielding a +4 hand axe and wearing a +0 leather armour The floor.
Okay, then.
Press: ? - help, v - describe, . - travel The floor, spattered with blood.
Unknown command.
Okay, then.
Okay, then.
Press: ? - help, v - describe, . - travel
Here: a meliai, wielding a +4 hand axe and wearing a +0 leather armour The floor.
Press: ? - help, v - describe, . - travel, g - get item
Here: a meliai, wielding a +0 broad axe and wearing a +0 robe (heavily wounded)
Items here: a +0 hand axe; a +0 leather armour; a meliai corpse.
The floor.
Blink to where?
Press: ? - help, Dir - move target, p - meliai
As you read the scroll of blinking, it crumbles to dust.
The meliai invokes the aid of its god against you.
Something smites you!
You die...

#........#.#
#........#.#
#..<.....#.#
##########.########
...............#
...............#
...............#
...............#
###............#
#......#######
#@.....# #....<.#
#......#
#......#####
#....y.....#
#..........#
#.....y....###
#.....§).....#
#.######.....# ...
#..#### .. #..#


You could see 2 meliai.

Vanquished Creatures
  3 orc warlords
  Fannar (D:10)
  A boulder beetle (Lair:5)
  6 hydras
  4 catoblepae (Lair:6)
  9 death yaks (Lair:6)
  A two-headed ogre (D:8)
  4 orc high priests
  A fire crab (Lair:6)
  3 orc knights
  2 cyclopes
  2 manticores (Lair:6)
  7 orc sorcerers (Orc:2)
  14 elephants
  Joseph (D:10)
  6 black mambas
  11 cane toads
  A gargoyle (Volcano)
  Maggie (D:6)
  A rime drake (Lair:3)
  15 komodo dragons
  A polar bear (Lair:1)
  3 trolls
  A hornet (D:9)
  A meliai (D:11)
  17 blink frogs
  23 dream sheep
  4 wyverns
  40 yaks
  2 fire elementals (Volcano)
  A steam dragon (Lair:2)
  3 basilisks
  9 wargs
  2 acid dragons
  3 nagas (Lair:2)
  8 water moccasins
  2 hell hounds (Lair:1)
  44 orc warriors
  A hornet zombie (D:8)
  2 ice beasts (D:8)
  10 necrophages
  2 centaurs
  12 ogres
  3 sky beasts
  9 wolves (Lair:2)
  7 bullfrogs
  3 scorpions
  A wyvern skeleton (D:6)
  3 wights (D:9)
  3 howler monkeys
  3 centaur zombies
  2 jellies
  An iron imp (D:6)
  2 bullfrog skeletons
  20 orc priests
  2 centaur skeletons
  8 iguanas
  Terence (D:3)
  28 orc wizards
  Natasha (thrice) (D:3)
  A killer bee zombie (D:6)
  A hound zombie (D:5)
  2 hound skeletons (D:4)
  A howler monkey zombie (D:7)
  A howler monkey skeleton (D:5)
  12 adders
  3 ufetubi
  4 worms
  A dart slug (D:3)
  93 orcs
  A bat (D:2)
  6 endoplasms
  4 giant cockroaches
  9 goblins
  9 hobgoblins
  4 jackals
  7 kobolds
  4 quokkas
  10 ball pythons
  A frilled lizard (D:3)
  5 rats
563 creatures vanquished.

Vanquished Creatures (others)
  A blink frog (Lair:6)
  An orc wizard (Orc:2)
  A bush (Lair:6)
  15 fungi
  37 plants
  15 toadstools (Lair:1)
70 creatures vanquished.

Grand Total: 633 creatures vanquished

Notes
Turn   | Place    | Note
-------+----------+-------------------------------------------
     0 | Abyss:1  | grimtooth the Palentonga Abyssal Knight began the quest for
                  | the Orb.
     0 | Abyss:1  | Reached XP level 1. HP: 19/19 MP: 2/2
     3 | Abyss:1  | Found a corrupted altar of Lugonu.
    87 | Abyss:1  | Found a corrupted altar of Lugonu.
    88 | Abyss:1  | Found a corrupted altar of Lugonu.
   143 | Abyss:1  | Noticed an eidolon
   144 | D:1      | Escaped the Abyss
   394 | D:1      | Reached * piety under Lugonu
   473 | D:1      | Found a faded altar of an unknown god.
   477 | D:1      | Reached XP level 2. HP: 25/25 MP: 3/3
  1544 | D:2      | Reached XP level 3. HP: 31/31 MP: 4/4
  2173 | D:2      | Reached XP level 4. HP: 39/39 MP: 5/5
  2591 | D:3      | Reached ** piety under Lugonu
  2592 | D:3      | Found Luzea's Antique Weapon Shoppe.
  2621 | D:3      | Found Cunyriv's Book Shoppe.
  2670 | D:3      | Noticed Natasha
  2672 | D:3      | Killed Natasha
  2817 | D:3      | Noticed Natasha
  2826 | D:3      | Killed Natasha
  2827 | D:3      | Reached XP level 5. HP: 31/44 MP: 6/6
  2944 | D:3      | Found Sijyhik's Assorted Antiques.
  2984 | D:3      | Found Laup Moqu's Antique Weapon Shop.
  3139 | D:3      | Noticed Natasha
  3146 | D:3      | Killed Natasha
  3147 | D:3      | Reached skill level 5 in Maces & Flails
  3157 | D:3      | Found Xaaliub's Weapon Shop.
  3159 | D:3      | Noticed Terence
  3186 | D:3      | Killed Terence
  3451 | D:3      | Noticed a sky beast
  3493 | D:3      | Killed a sky beast
  3494 | D:3      | Reached XP level 6. HP: 32/52 MP: 7/7
  4206 | D:4      | Reached skill level 5 in Fighting
  4279 | D:4      | Found a staircase to the Ecumenical Temple.
  4352 | D:4      | Reached *** piety under Lugonu
  4353 | D:4      | Gained mutation: You curl defensively after being hit.
                  | [Palentonga growth]
  4353 | D:4      | Reached XP level 7. HP: 59/59 MP: 8/8
  5277 | D:4      | Reached XP level 8. HP: 42/68 MP: 9/9
  5447 | D:5      | Entered Level 5 of the Dungeon
  6226 | D:5      | Found Besir's Armour Boutique.
  6507 | D:6      | Learned a level 2 spell: Blink
  7408 | D:5      | Reached skill level 5 in Invocations
  7513 | D:5      | Noticed a rust devil
  7513 | D:5      | Noticed a rust devil
  7682 | D:6      | Noticed Maggie
  7683 | D:6      | - nasty
  7965 | D:7      | Identified the +0 hat "Qeoxess" {rN+ Dex+2 SInv}
  8092 | D:7      | Reached XP level 9. HP: 73/73 MP: 13/13
  8281 | D:7      | Reached **** piety under Lugonu
  8690 | D:6      | - did i just auto-up the excluded stair?
  8690 | D:6      | - that don't seem right
  8690 | D:6      | - if i get mesmerised right now...
  8814 | D:3      | Bought a scroll labelled QIEHECOMM for 25 gold pieces
  8814 | D:3      | Bought 2 murky orange potions for 45 gold pieces
  8814 | D:3      | Bought a murky inky potion for 22 gold pieces
  9413 | D:8      | Noticed a two-headed ogre
  9447 | D:8      | Killed a two-headed ogre
  9448 | D:8      | Reached skill level 5 in Armour
  9538 | D:8      | Noticed a cyclops
  9563 | D:8      | Killed a cyclops
  9564 | D:8      | Reached XP level 10. HP: 64/81 MP: 16/16
  9729 | D:8      | Reached skill level 1 in Translocations
 10035 | D:9      | Found a staircase to the Lair.
 10140 | D:9      | Reached skill level 2 in Translocations
 10240 | D:9      | Reached skill level 1 in Evocations
 10314 | D:9      | Found a staircase to the Orcish Mines.
 10497 | D:9      | Reached skill level 3 in Translocations
 10568 | D:10     | Entered Level 10 of the Dungeon
 10939 | D:10     | Found Haide's Assorted Antiques.
 10951 | D:10     | Noticed Fannar
 10985 | D:10     | Killed Fannar
 10986 | D:10     | Reached skill level 4 in Translocations
 11174 | D:10     | Noticed Joseph
 11194 | D:10     | Reached skill level 5 in Translocations
 11195 | D:10     | Killed Joseph
 11297 | D:10     | Reached ***** piety under Lugonu
 11548 | D:3      | Bought a +1 morningstar of holy wrath for 156 gold pieces
 11604 | D:3      | Bought a glowing cloak for 187 gold pieces
 11802 | Lair:1   | Entered Level 1 of the Lair of Beasts
 11830 | Lair:1   | Noticed a six-headed hydra
 11879 | Lair:1   | Killed a six-headed hydra
 12027 | Lair:1   | Noticed a cane toad
 12049 | Lair:1   | Killed a cane toad
 12050 | Lair:1   | Reached skill level 6 in Translocations
 12050 | Lair:1   | Reached XP level 11. HP: 23/86 MP: 17/17
 12132 | Lair:1   | Found a dark tunnel.
 12144 | Volcano  | Entered a volcano
 12210 | Volcano  | Reached skill level 10 in Maces & Flails
 12623 | Lair:1   | Identified the +1 leather armour of Fuifridui {rElec rCorr
                  | Dex+5}
 12885 | Lair:1   | Found a blossoming altar of Fedhas.
 12912 | Lair:1   | Noticed an oklob plant
 13095 | Lair:1   | Reached skill level 5 in Evocations
 13689 | Lair:2   | Reached skill level 1 in Shields
 14067 | Lair:2   | Found a staircase to the Snake Pit.
 14364 | Lair:2   | Reached skill level 7 in Translocations
 14486 | Lair:2   | Reached XP level 12. HP: 81/101 MP: 18/18
 14748 | Lair:3   | Reached skill level 8 in Translocations
 14969 | Lair:3   | Noticed a five-headed hydra
 14989 | Lair:3   | Reached skill level 5 in Shields
 15006 | Lair:3   | Killed a five-headed hydra
 15007 | Lair:3   | Reached skill level 9 in Translocations
 15212 | Lair:3   | Reached skill level 1 in Dodging
 15383 | Lair:3   | Found a staircase to the Swamp.
 15609 | Lair:3   | Noticed a six-headed hydra
 15623 | Lair:3   | Killed a six-headed hydra
 16261 | Lair:4   | Noticed an eight-headed hydra
 16274 | Lair:4   | Reached XP level 13. HP: 108/108 MP: 19/19
 16692 | Lair:4   | Reached skill level 5 in Dodging
 16857 | Lair:4   | Found a runed translucent door.
 16858 | Lair:4   | Noticed Usutiuwk's ghost (journeyman OpFi)
 17551 | Lair:5   | Found a runed translucent door.
 17551 | Lair:5   | Found a viscous altar of Jiyva.
 17551 | Lair:5   | Noticed an azure jelly
 17552 | Lair:5   | Noticed an azure jelly
 17552 | Lair:5   | Noticed an azure jelly
 17553 | Lair:5   | Found a staircase to the Slime Pits.
 17913 | Lair:5   | Noticed an azure jelly
 18085 | D:9      | Learned a level 4 spell: Iskenderun's Mystic Blast
 18091 | D:9      | Learned a level 5 spell: Manifold Assault
 18210 | Lair:6   | Entered Level 6 of the Lair of Beasts
 18464 | Lair:6   | Reached ****** piety under Lugonu
 18613 | Lair:6   | Reached skill level 1 in Conjurations
 19264 | Lair:6   | Reached skill level 10 in Invocations
 19513 | Lair:6   | Reached skill level 5 in Conjurations
 19793 | Lair:6   | Reached XP level 14. HP: 54/115 MP: 21/21
 20796 | D:3      | Bought a long gold wand for 100 gold pieces
 20796 | D:3      | - ah it was worth waiting on that
 21113 | D:6      | Killed Maggie
 21135 | D:6      | Found a snail-covered altar of Cheibriados.
 21404 | Orc:1    | Entered Level 1 of the Orcish Mines
 21496 | Orc:2    | Entered Level 2 of the Orcish Mines
 21496 | Orc:2    | Found a bloodstained altar of Trog.
 22058 | Orc:1    | Noticed an orc warlord
 22079 | Orc:1    | Killed an orc warlord
 22141 | Orc:1    | Found Iruwn's Armour Boutique.
 22838 | Orc:2    | Noticed an orc warlord
 22847 | Orc:2    | Killed an orc warlord
 22848 | Orc:2    | Reached skill level 10 in Translocations
 22916 | Orc:2    | Found a staircase to the Elven Halls.
 23232 | Orc:2    | Noticed an orc warlord
 23481 | Orc:2    | Killed an orc warlord
 23710 | Orc:2    | Paralysed by an orc sorcerer for 7 turns
 24221 | Orc:2    | Reached skill level 11 in Translocations
 24235 | Orc:2    | Found Mukof's General Store.
 24236 | Orc:2    | Found Fafran's Jewellery Boutique.
 24238 | Orc:2    | Found Lail's Antique Armour Boutique.
 24238 | Orc:2    | Found Oduwak's Antique Weapon Shop.
 24317 | Orc:2    | Bought a potion of might for 60 gold pieces
 24317 | Orc:2    | Bought a scroll of identify for 30 gold pieces
 24533 | D:3      | Bought a fine cloak for 237 gold pieces
 24533 | D:3      | Identified the +0 cloak of Unishr Quach {rF+ Dex+6} (You
                  | bought it in a shop on level 3 of the Dungeon)
 24645 | D:5      | Bought the +4 ring mail of Dust Devil {MP+9 Str+2 Int+2}
                  | for 816 gold pieces
 24880 | D:11     | Learned a level 1 spell: Apportation
 24908 | D:11     | - holy shit
 24908 | D:11     | Killed from afar by a meliai

Illustrated notes ....../..........#..... ######.##.#........... #.#..........#### #.#..#..<....# #.#..#...#.#.#### #.#..#...#.#..... #.#..#.#.#.###### ########.#..#...#....... .......#.######.######## .......#.#..........#### .......@................ .......#.#.###..)...#### .......#.#.# #...#..# .......#.# # #...#..# .......#.# #####..# .......#.# #..### ..@......# #....# .....##### #..#.## #...... #...... ##+++##...#(. Turn 7683 on D:6: - nasty

.....#.#.# #...#..# #.#.#.#
.....#.#.# #####..# #.#...#
.....#.#.# #..### #.....#
@......#.# #....# ##.....
...#####.# #..#.###### #.....
..# #.........###.....
#.........+.'.....
##+++##...#(....###.....
####.....#..##.....# #.....
..#.....#>.##.....###.....
#.#..8..#@.........##.#...
..#####.#.....@..........##.####
.........................##.#
#######.#.#..............##.#
#.#.#..............##o####
#######.#.####...........o......
#.......#.# #........######.....
#.......#.# #........# #.....
##.......#.# #........# #.....
.........#.###........# #.....
.#.......#............# #.....


Turn 8690 on D:6: - did i just auto-up the excluded stair? .....#.#.# #...#..#
#.#.#.# .....#.#.# #####..# #.#...# .....#.#.# #..### #.....# @......#.# #....#
##..... ...#####.# #..#.###### #..... ..# #.........###..... #.........+.'.....
##+++##...#(....###..... ####.....#..##.....# #..... ..#.....#>.##.....###.....
#.#..8..#@.........##.#... ..#####.#.....@..........##.####
.........................##.# #######.#.#..............##.#
#.#.#..............##o#### #######.#.####...........o...... #.......#.#
#........######..... #.......#.# #........# #..... ##.......#.# #........#
#..... .........#.###........# #..... .#.......#............# #..... Turn 8690
on D:6: - if i get mesmerised right now... ......# ......# .....#######
#).........# #..........# #..........######### ...................#
....#........###.#### .............#......# ..#.∩.#......#.#'##.#
..#...##.#.....'@'..# ....#....#.....#+#..# ....#.####...###...###
..#.#.####...####....# ....#.#...........##.# ..#.#.#.##.#.#######.#
###.#.#.####.#######.# .....................### ..#....................#
..#..##.####.#########.# ..#..##.####.#########.# Turn 20796 on D:3: - ah it was
worth waiting on that ...............# ###............# #......####### #......#
#....<.# #......# #......##### #..........# #..........# #......y...###
#.....@y.....# #.######.....# ... #..#### .. #..# #yy# #..# #..# #y.# #..# ...#
Turn 24908 on D:11: - holy shit

Levels and vault maps discovered:
D:1:      scummos_arrival_simple_crosswalls, layout_basic,
          shapermc_ecumenical_altar_starsandcircs
D:2:      layout_basic, minmay_unequal
D:3:      layout_basic, serial_shops, shop_fountains, nicolae_shop_waterfront,
          nicolae_shop_behind_doors, nicolae_shop_stone, nicolae_diamond_shop,
          minmay_bisected, uniq_terence, uniq_natasha
D:4:      layout_basic, minmay_temple_entry_gardened_gates, minmay_quantized
D:5:      cheibrodos_iron_armory, layout_cave_pools, serial_shops, shop,
          grunt_ministairs_12
D:6:      layout_basic, slow_altar_2, uniq_maggie
D:7:      layout_basic
D:8:      layout_rooms
D:9:      layout_rooms, lair_entry_dummy, david_orc_3
D:10:     layout_roguey, serial_shops, shop, amcnicky_mini_pool_small,
          hangedman_decor_slide_cut, chequers_serial_rivers_micro_d,
          uniq_joseph, uniq_fannar
D:11:     layout_irregular_city, hangedman_glass_teeth
Lair:1:   layout_cave_pods, enter_volcano_3, tgw_fedhas
Lair:2:   layout_hall_layers, minmay_snake_entry_guardpost_small,
          lemuel_fruit_fields, infiniplex_staircase_pool_2, grunt_megastairs_2
Lair:3:   layout_small_grid, minmay_swamp_entry_reptiles, st_stairs_4,
          roderic_carrion_pond, grunt_megastairs_3
Lair:4:   layout_hall_layers, ebering_ghost_inner_flame
Lair:5:   layout_cave_pods, slime_altar_2
Lair:6:   evilmike_catoblepas_cave, layout_regular_city, serial_bayou_pond_e,
          minmay_hedge_maze, chequers_serial_rivers_large_b
Orc:1:    layout_diamond_mine, serial_shops, shop
Orc:2:    st_orc_congregation, layout_caves, basic_altar

Skill      XL: |  1  2  3  4  5  6  7  8  9 10 11 12 13 14 |
---------------+-------------------------------------------+-----
Maces & Flails | 3 4 5 6 7 9 10 | 10.0
Fighting       | 4 5 6 9 |  9.0
Invocations    | 5 8 9 10 | 10.0
Armour         | 3 5 6 7 9 |  9.0
Translocations | 6 7 9 11 | 11.0
Evocations     | 4 6 7 |  7.9
Shields        | 3 6 |  6.0
Dodging        | 4 6 |  6.0
Conjurations   | 5 9 |  9.0

Action                   |  1- 3 |  4- 6 |  7- 9 | 10-12 | 13-15 || total
-------------------------+-------+-------+-------+-------+-------++-------
Melee: Mace              |    95 |   155 |   349 |   110 |       ||   709
       Tailslap          |    10 |    15 |    57 |   124 |   278 ||   484
       Whip              |       |       |    28 |   126 |       ||   154
       Morningstar       |       |       |       |   514 |  1157 ||  1671
       Flail             |       |       |       |       |   303 ||   303
Throw: Dart              |       |    33 |    62 |    87 |    73 ||   255
 Cast: Blink             |       |       |       |     5 |     7 ||    12
       Iskenderun's Myst |       |       |       |       |     4 ||     4
Invok: Depart the Abyss  |     1 |       |       |       |       ||     1
       Bend Space        |       |     5 |    14 |    10 |    26 ||    55
       Banish            |       |       |       |     2 |       ||     2
 Abil: Rolling Charge    |    22 |    39 |    51 |    85 |   108 ||   305
Evoke: Wand              |       |       |     5 |    24 |    36 ||    65
       Condenser vane    |       |       |       |       |     1 ||     1
  Use: Scroll            |       |       |     8 |    11 |     3 ||    22
       Potion            |       |       |       |     5 |     2 ||     7
 Stab: Petrified         |       |       |       |       |    24 ||    24
       Petrifying        |       |       |       |       |     6 ||     6
Armor: Leather armour    |    10 |       |       |       |       ||    10
       Scale mail        |    45 |   108 |   215 |   436 |  1204 ||  2008
       Acid dragon scale |       |       |       |   134 |       ||   134
       Ring mail         |       |       |       |       |    29 ||    29
Dodge: Dodged            |    41 |    42 |    86 |   194 |   599 ||   962
Block: Buckler           |       |       |       |    31 |   504 ||   535
